 Dungeon Crawl Stone Soup version 0.22.1-1-ga44c0e56f4 (webtiles) character file.

2217 Jannitor the Skirmisher (level 9, 0/79 HPs)
             Began as a Purple Draconian Air Elementalist on Sept 28, 2018.
             Slain by a manticore (5 damage)
             ... on level 8 of the Dungeon.
             The game lasted 00:20:24 (8807 turns).

Jannitor the Skirmisher (DrAE)                      Turns: 8807, Time: 00:20:24

Health: 0/79       AC:  8    Str: 14    XL:     9   Next: 13%
Magic:  11/13      EV: 15    Int: 19    God:    Xom [..*...]
Gold:   392        SH:  0    Dex: 11    Spells: 1/13 levels left

rFire    . . .     SeeInvis .   k - +5 quarterstaff (drain)
rCold    . . .     Gourm    .   (shield currently unavailable)
rNeg     . . .     Faith    .   (armour unavailable)
rPois    .         Spirit   .   (helmet restricted)
rElec    .         Reflect  .   (no cloak)
rCorr    .         Harm     .   f - +0 pair of gloves
MR       +....                  (no boots)
Stlth    ++........             j - amulet of magic regeneration
HPRegen  0.23/turn              (no ring)
MPRegen  0.38/turn              (no ring)

@: brilliant, short of breath, hasted, very quick
A: breathe power, unfitting armour, clumsy 1, dopey 1, screaming 1, strong 1,
cold-blooded, AC +7
a: Breathe Dispelling Energy, Renounce Religion


You were on level 8 of the Dungeon.
You worshipped Xom.
You were a toy of Xom.
You were very hungry.

You visited 2 branches of the dungeon, and saw 9 of its levels.

You collected 392 gold pieces.

Inventory:

Hand Weapons
 h - a +2 dagger of speed
 k - a +5 quarterstaff of draining (weapon)
 q - a +3 short sword of speed
Armour
 f - a +0 pair of gloves (worn)
Jewellery
 j - an amulet of magic regeneration (around neck)
 n - an uncursed ring of fire
Wands
 l - a wand of polymorph (13)
Scrolls
 a - 8 scrolls of identify
 c - 4 scrolls of teleportation
 d - a scroll of blinking
Potions
 g - a potion of resistance
 i - 4 potions of curing
 p - a potion of cancellation
Miscellaneous
 o - a lightning rod (4/4)
Comestibles
 b - 7 rations


   Skills:
 + Level 7.5 Fighting
 + Level 3.3 Staves
 + Level 6.6 Dodging
 - Level 1.7 Stealth
 + Level 2.7 Spellcasting
 + Level 1.4 Conjurations
 + Level 6.4 Air Magic


You had one spell level left.
You knew the following spells:

 Your Spells              Type           Power        Failure   Level  Hunger
a - Shock                 Conj/Air       ####         1%          1    None
b - Airstrike             Air            #####.....   1%          4    ####...
c - Dazzling Spray        Conj/Hex       ###...       4%          3    ###....
d - Fulminant Prism       Conj/Hex       ###.......   13%         4    ####...

Your spell library contained the following spells:

 Spells                   Type           Power        Failure   Level  Hunger
 Magic Dart               Conj           ###.         1%          1    None
 Searing Ray              Conj           ###...       1%          2    ##.....
 Swiftness                Chrm/Air       ####....     1%          2    ##.....
 Static Discharge         Conj/Air       ####....     1%          3    ###....
 Iskenderun's Mystic Bla  Conj           ###.....     10%         4    ####...
 Lightning Bolt           Conj/Air       ####......   10%         5    ######.
 Force Lance              Conj/Tloc      ###.....     13%         4    ####...


Dungeon Overview and Level Annotations

Branches:
Dungeon (8/15)             Temple (1/1) D:6
   Lair: D:8-11

Altars:
Cheibriados
Dithmenos
Elyvilon
Fedhas
Kikubaaqudgha
Makhleb
Nemelex Xobeh
Qazlal
Ru
Trog
Uskayaw
Wu Jian
Xom
Zin
The Shining One

Annotations:
D:2 Natasha


Innate Abilities, Weirdness & Mutations

You can breathe bolts of dispelling energy.
Your rich purple scales are hard. (AC +7)
You cannot fit into any form of body armour.
You are cold-blooded and may be slowed by cold attacks.
You are clumsy. (Dex -2)
You are dopey. (Int -2)
You occasionally shout uncontrollably at your foes.
Your muscles are strong. (Str +2)


Message History

You hit the manticore. You drain the manticore!
The manticore is severely wounded.
The manticore bites you! The manticore misses you. The manticore claws you!
* * * LOW HITPOINT WARNING * * *
You hit the manticore.
The manticore is severely wounded.
The manticore misses you. The manticore claws you.
* * * LOW HITPOINT WARNING * * *
The manticore claws you.
* * * LOW HITPOINT WARNING * * *
Unknown command.
Press: ? - help, Shift-Dir - straight line, f - manticore
Aim: a manticore (severely wounded, lightly drained)
You breathe a bolt of dispelling energy.
The bolt of dispelling energy hits the manticore.
The manticore is almost dead.
You feel somewhat more hungry. The manticore bites you!
* * * LOW HITPOINT WARNING * * *
The manticore claws you.
You die...

#......# #######
#..#.#.#########
.........................
#####...................#
...............#.....###
<....#####.....#.##.##
####.# #.#...#.##.#
#.#...#.$# # #.#...#@)#
#.....H........
##.........####
###......... #..#.####.#
∆ #..#.# !# ∆∆##..#.. #
∆[##..### ∆∆


You could see a manticore.

Vanquished Creatures
  A water moccasin (D:7)
  2 ice beasts
  A hornet zombie (D:5)
  An orc warrior (D:8)
  2 phantoms
  An ogre (D:5)
  A centaur (D:6)
  A big kobold (D:4)
  3 bullfrogs
  3 killer bees (D:8)
  3 howler monkeys (D:8)
  A centaur zombie (D:8)
  A bullfrog zombie (D:7)
  A gnoll shaman (D:4)
  2 jellies
  3 hounds
  An orc wizard (D:4)
  Terence (D:2)
  An iguana (D:8)
  Natasha (twice) (D:2)
  4 worker ants
  A hound skeleton (D:5)
  A worker ant zombie (D:7)
  3 gnolls (D:4)
  8 adders
  2 shadow imps (D:5)
  3 worms
  2 dart slugs
  5 leopard geckos
  12 orcs
  A ball python (D:5)
  7 giant cockroaches
  5 goblins
  4 hobgoblins
  8 jackals
  30 kobolds
  4 quokkas
  2 bats (D:1)
  3 frilled lizards
  A leopard gecko zombie (D:5)
  9 rats
  A fungus (D:1)
148 creatures vanquished.

Vanquished Creatures (collateral kills)
  An orc warrior (D:8)
  An ogre (D:8)
  An orc priest (D:8)
  An orc wizard (D:8)
4 creatures vanquished.

Vanquished Creatures (others)
  3 killer bees (D:8)
3 creatures vanquished.

Grand Total: 155 creatures vanquished

Notes
Turn   | Place    | Note
-------+----------+-------------------------------------------
     0 | D:1      | Jannitor the Draconian Air Elementalist began the quest for
                  | the Orb.
     0 | D:1      | Reached XP level 1. HP: 14/14 MP: 3/3
   142 | D:1      | Reached skill level 1 in Fighting
   421 | D:1      | Reached XP level 2. HP: 23/23 MP: 1/5
  1389 | D:2      | Reached skill level 2 in Fighting
  1389 | D:2      | Reached XP level 3. HP: 26/29 MP: 6/6
  1552 | D:2      | Noticed Terence
  1601 | D:2      | Killed Terence
  1754 | D:2      | Noticed Natasha
  1769 | D:2      | Killed Natasha
  1769 | D:2      | Reached skill level 3 in Fighting
  1769 | D:2      | Reached XP level 4. HP: 23/38 MP: 3/7
  1962 | D:2      | Noticed Natasha
  1981 | D:2      | Killed Natasha
  2149 | D:2      | Noticed Natasha
  2510 | D:3      | Found a hide-covered altar of Uskayaw.
  2537 | D:3      | Reached XP level 5. HP: 44/45 MP: 8/8
  3003 | D:4      | Reached skill level 4 in Fighting
  3013 | D:4      | Found a bloodstained altar of Trog.
  3027 | D:4      | Found a burning altar of Makhleb.
  3049 | D:4      | Noticed a phantom
  3326 | D:3      | Learned a level 4 spell: Airstrike
  3376 | D:4      | Found a blossoming altar of Fedhas.
  3672 | D:4      | Reached XP level 6. HP: 45/53 MP: 9/9
  4104 | D:4      | Found a glowing golden altar of the Shining One.
  4189 | D:4      | Found a white marble altar of Elyvilon.
  4405 | D:4      | Reached skill level 5 in Fighting
  5032 | D:4      | Your scales start taking on a rich purple colour.
  5032 | D:4      | Reached XP level 7. HP: 61/61 MP: 6/10
  5207 | D:5      | Entered Level 5 of the Dungeon
  5447 | D:5      | Reached skill level 5 in Dodging
  5519 | D:5      | Found a glowing silver altar of Zin.
  6217 | D:6      | Found a sparkling altar of Nemelex Xobeh.
  6280 | D:6      | Found a staircase to the Ecumenical Temple.
  6295 | D:6      | Reached skill level 6 in Fighting
  6564 | Temple   | Entered the Ecumenical Temple
  6666 | Temple   | Became a worshipper of Xom of Unknown Intention
  6767 | D:6      | Reached skill level 5 in Air Magic
  6767 | D:6      | Reached XP level 8. HP: 57/70 MP: 11/11
  6767 | D:6      | XOM: potion effect (haste)
  6884 | D:7      | XOM: divination: detect items
  6912 | D:7      | XOM: potion effect (brilliance)
  6933 | D:7      | XOM: confuse monster(s)
  7005 | D:7      | XOM: cloud trail
  7389 | D:7      | Reached skill level 1 in Staves
  7616 | D:7      | XOM: cast spell 'Disjunction'
  7670 | D:7      | XOM: god gift: lightning rod (4/4)
  7968 | D:8      | XOM: 1-stop teleportation journey
  8124 | D:8      | XOM: scenery: 1 doors open
  8127 | D:8      | XOM: fog
  8129 | D:8      | Reached skill level 7 in Fighting
  8146 | D:8      | XOM: divination: detect items
  8150 | D:8      | XOM: summons friendly quasit
  8175 | D:8      | Reached XP level 9. HP: 34/79 MP: 9/12
  8297 | D:8      | XOM: harmless Necr miscast
  8347 | D:8      | XOM: silly message
  8479 | D:8      | Learned a level 3 spell: Dazzling Spray
  8484 | D:8      | Learned a level 4 spell: Fulminant Prism
  8577 | D:8      | XOM: cloud trail
  8606 | D:8      | XOM: harmless Hex miscast
  8746 | D:8      | XOM: 4-stop teleportation journey
  8748 | D:8      | XOM: give mutations
  8748 | D:8      | Gained mutation: You occasionally shout uncontrollably at
                  | your foes. [Xom's mischief]
  8748 | D:8      | Gained mutation: You are dopey. (Int -2) [Xom's mischief]
  8748 | D:8      | Gained mutation: Your muscles are strong. (Str +2) [Xom's
                  | mischief]
  8748 | D:8      | Gained mutation: You are clumsy. (Dex -2) [Xom's mischief]
  8776 | D:8      | XOM: potion effect (haste)
  8794 | D:8      | Noticed a manticore
  8807 | D:8      | Slain by a manticore

Skill      XL: |  1  2  3  4  5  6  7  8 |
---------------+-------------------------+-----
Dodging        | 2 3 4 5 6 |  6.6
Fighting       | 1 2 3 4 5 6 7 |  7.5
Air Magic      | 4 5 6 |  6.4
Staves         | 3 |  3.3
Stealth        | |  1.7
Spellcasting   | |  2.7
Conjurations   | |  1.4

Action                   |  1- 3 |  4- 6 |  7- 9 || total
-------------------------+-------+-------+-------++-------
Melee: Unarmed           |    88 |       |       ||    88
       Tailslap          |    24 |    27 |    44 ||    95
       Dagger            |    64 |   215 |       ||   279
       Short sword       |       |   122 |   165 ||   287
       Quarterstaff      |       |       |   113 ||   113
 Cast: Shock             |    43 |    19 |     1 ||    63
       Airstrike         |       |       |     6 ||     6
 Abil: Breathe Dispellin |       |       |    10 ||    10
  Use: Potion            |       |     2 |     5 ||     7
       Scroll            |       |       |    15 ||    15
 Stab: Sleeping          |       |     1 |       ||     1
       Confused          |       |       |     1 ||     1
       Distracted        |       |       |     1 ||     1
  Eat: Chunk             |     4 |     9 |     9 ||    22
       Ration            |       |       |     2 ||     2
Armor: Skin              |    29 |    79 |    59 ||   167
Dodge: Dodged            |    71 |   156 |   198 ||   425
